 Dungeon Crawl Stone Soup version 0.18-a0-917-g8a3da5b (webtiles) character file.

212 st0uf the Shield-Bearer (level 6, -9/48 HPs)
             Began as a Formicid Fighter on Dec 26, 2015.
             Mangled by an ogre
             ... wielding a +0 giant club
              (12 damage)
             ... on level 5 of the Dungeon.
             The game lasted 00:13:06 (2906 turns).

st0uf the Shield-Bearer (Formicid Fighter)          Turns: 2906, Time: 00:13:06

Health: -9/48      AC:  7    Str: 22    XL:     6   Next: 13%
Magic:  6/6        EV:  9    Int:  8    God:
Gold:   99         SH: 10    Dex: 10    Spells: 0 memorised, 5 levels left

rFire  . . .     SeeInvis +     a - +0 long sword
rCold  . . .     Gourm    .     b - +0 scale mail
rNeg   . . .     Faith    .     c - +0 shield
rPois  .         Spirit   .     (helmet unavailable)
rElec  .         Dismiss  .     (no cloak)
rCorr  .         Reflect  .     (no gloves)
SustAt .         Harm     .     (no boots)
MR     +....                    (no amulet)
Stlth  ..........               u - ring of protection from magic
                                e - ring of teleportation (curse)

@: somewhat resistant to hostile enchantments, extremely unstealthy
A: permanent stasis, dig shafts and tunnels, four strong arms, antennae 3
a: Dig, Shaft Self, Evoke Teleportation


You were on level 5 of the Dungeon.
You were not hungry.

You visited 1 branch of the dungeon, and saw 5 of its levels.

You collected 99 gold pieces.

Inventory:

Hand Weapons
 a - a +0 long sword (weapon)
Armour
 b - a +0 scale mail (worn)
 c - a +0 shield (worn)
Jewellery
 e - a cursed ring of teleportation (left hand)
 u - a ring of protection from magic (right hand)
Scrolls
 h - 3 scrolls of identify {unknown}
 i - a scroll of recharging {unknown}
 l - a scroll of enchant armour {unknown}
 q - a scroll of noise {unknown}
 t - a scroll of fog {unknown}
 x - a scroll of fear {unknown}
Potions
 d - a potion of might
 g - 3 potions of degeneration {unknown}
 j - 5 potions of curing {unknown}
 k - a potion of heal wounds {unknown}
 m - a potion of cancellation {unknown}
 n - a potion of poison {unknown}
 v - a potion of mutation {unknown}
 z - a potion of agility {unknown}
Miscellaneous
 w - a plain deck of summoning
Comestibles
 f - a bread ration
 o - a slice of pizza
 p - a beef jerky
 r - a meat ration
 s - 4 fruits


   Skills:
 + Level 4.1 Fighting
 + Level 3.5 Long Blades
 + Level 4.2 Armour
 + Level 1.5 Dodging
 + Level 4.7 Shields


You had 5 spell levels left.
You didn't know any spells.

Dungeon Overview and Level Annotations

Branches:
Dungeon (5/15)
 Temple: D:4-7

Altars:
Fedhas
Nemelex Xobeh
Okawaru


Innate Abilities, Weirdness & Mutations

You are under a permanent stasis effect.
You can dig through walls and to a lower floor.
Your four strong arms can wield two-handed weapons with a shield.
You have a pair of large antennae on your head (SInv).


Message History

The ogre is heavily wounded.
The ogre hits you with a giant club!!
You hit the ogre.
The ogre is heavily wounded.
The ogre hits you with a giant club!
You hit the ogre but do no damage.
The ogre is heavily wounded.
The ogre barely misses you.
You completely miss the ogre.
The ogre is heavily wounded.
The ogre hits you with a giant club.
* * * LOW HITPOINT WARNING * * *
You slash the ogre!
The ogre is almost dead.
The ogre hits you with a giant club!
* * * LOW HITPOINT WARNING * * *
You hit the ogre.
The ogre is almost dead.
The ogre hits you with a giant club!
You die...

.# .# .### ##...##
#.....# #..>..#
##.....#.. #.@O......
#.##.#...# #######.##
# # . #).......# ...
#.##.#####..####.....
#.[.<# #.......#
###### ##.###### #.#
#.#


You could see an ogre.

Vanquished Creatures
  2 worker ants
  2 gnolls (D:3)
  3 adders
  3 oozes
  An adder skeleton (D:4)
  5 worms
  3 giant geckos
  4 orcs (D:3)
  12 bats
  4 giant cockroaches
  8 goblins
  7 hobgoblins
  8 jackals
  11 kobolds
  A quokka (D:3)
  3 giant newts
  5 rats
82 creatures vanquished.

Notes
Turn   | Place    | Note
--------------------------------------------------------------
     0 | D:1      | st0uf the Formicid Fighter began the quest for the Orb.
     0 | D:1      | Reached XP level 1. HP: 18/18 MP: 1/1
   209 | D:1      | Reached XP level 2. HP: 24/24 MP: 2/2
   382 | D:1      | Reached XP level 3. HP: 25/29 MP: 3/3
   872 | D:2      | Reached skill level 4 in Shields
  1246 | D:2      | Found a blossoming altar of Fedhas.
  1349 | D:2      | Reached XP level 4. HP: 37/37 MP: 4/4
  1529 | D:2      | Reached skill level 1 in Dodging
  1923 | D:3      | Reached XP level 5. HP: 35/42 MP: 5/5
  1933 | D:3      | Found a sparkling altar of Nemelex Xobeh.
  2010 | D:3      | Found an iron altar of Okawaru.
  2604 | D:5      | Entered Level 5 of the Dungeon
  2632 | D:5      | Reached XP level 6. HP: 10/48 MP: 6/6
  2905 | D:5      | HP: 2/48 [ogre/giant club (10)]
  2906 | D:5      | Mangled by an ogre

Vault maps used:
D:1:      lemuel_arrival_rhombus, minivault_26
D:2:      old_standard_altar, grunt_ministairs_6, kennysheep_generic_room_5
D:3:      lemuel_castle_with_subvaults, nicolae_overflow_crystal_walls,
          okawaru_trees_1, nemelex_deck, uniq_terence
D:4:      minitemple, first_bread, grunt_ministairs_8,
          hangedman_decor_clover_reticule, cheibriados_altar_1
D:5:      grunt_temple_overflow_cloverleaf, basic_altar,
          nicolae_tso_swordbearing_angel, uniq_sigmund, uniq_edmund,
          uniq_crazy_yiuf_cottage

Action                   |  1- 3 |  4- 6 || total
-------------------------+-------+-------++-------
Melee: Long sword        |   133 |   205 ||   338
  Eat: Chunk             |     2 |     5 ||     7
